 Dungeon Crawl Stone Soup version 0.25.1-2-g60ff931df9 (webtiles) character file.

Game seed: 11519411681043350835

430 Hugehornet the Changer (level 6, -1/38 HPs)
             Began as an Octopode Transmuter on Sept 11, 2020.
             Slain by an ice beast (5 damage)
             ... on level 4 of the Dungeon.
             The game lasted 00:10:54 (5018 turns).

Hugehornet the Changer (Octopode Transmuter)        Turns: 5018, Time: 00:10:55

Health: -1/38      AC:  1    Str:  9    XL:     6   Next: 99%
Magic:  11/11      EV: 13    Int: 17    God:
Gold:   148        SH:  0    Dex: 13    Spells: 1/11 levels left

rFire    . . .     SeeInvis +     - Unarmed
rCold    . . .     Gourm    .   (no shield)
rNeg     + . .     Faith    .   (helmet restricted)
rPois    .         Spirit   .   (no amulet)
rElec    .         Reflect  .   p - ring of see invisible
rCorr    .         Harm     .   s - ring of positive energy
MR       .....                  (no ring)
Stlth    ++........             (no ring)
HPRegen  0.12/turn              (no ring)
MPRegen  0.12/turn              (no ring)
                                (no ring)
                                (no ring)

@: appendage (expiring)
A: almost no armour, stealthy swim, amphibious, 8 rings, constrict 8, tentacle
spike 3, camouflage 1, gelatinous body 1
a: End Transformation


You were on level 4 of the Dungeon.
You were not hungry.
One of your tentacles had a temporary spike.
You visited 1 branch of the dungeon, and saw 5 of its levels.

You collected 148 gold pieces.

Inventory:

Hand Weapons
 o - a +3 quarterstaff of chaos
Missiles
 a - 58 arrows
Jewellery
 j - an uncursed amulet of guardian spirit
 n - an uncursed amulet of faith {unknown}
 p - a ring of see invisible (left tentacle)
 s - a ring of positive energy (right tentacle)
Scrolls
 b - a scroll of remove curse
 e - a scroll of teleportation
 f - a scroll of fear {unknown}
 g - a scroll of enchant weapon
 h - a scroll of amnesia
 i - 3 scrolls of enchant armour
 l - a scroll of noise {unknown}
 m - a scroll of blinking {unknown}
 q - a scroll of identify {unknown}
Potions
 k - a potion of might {unknown}
 r - a potion of curing {unknown}
Comestibles
 c - 7 rations


   Skills:
 - Level 1.0 Fighting
 - Level 2.0 Dodging
 - Level 3.0 Unarmed Combat
 + Level 3.4 Spellcasting
 * Level 5.5 Transmutations
 + Level 1.6 Ice Magic
 - Level 3.0 Poison Magic


You had one spell level left.
You knew the following spells:

 Your Spells              Type           Power        Failure   Level  Hunger
a - Beastly Appendage     Tmut           ###...       1%          1    None
b - Sticks to Snakes      Tmut           ###.....     2%          2    ##.....
c - Spider Form           Tmut/Pois      ###.......   9%          3    ###....
d - Ice Form              Ice/Tmut       ###.....     36%         4    ####...

Your spell library contained the following spells:

 Spells                   Type           Power        Failure   Level  Hunger
 Blade Hands              Tmut           ###.......   43%         5    ######.


Dungeon Overview and Level Annotations

Branches:
Dungeon (5/15)
 Temple: D:4-7

Altars:
Okawaru
Ru


Innate Abilities, Weirdness & Mutations

You cannot wear most types of armour.
You are very stealthy in the water. (Stealth+)
You are amphibious.
You can wear up to eight rings at the same time.
You can use your tentacles to constrict eight enemies at once.
Your skin changes colour to match your surroundings (Stealth+).
Your rubbery body absorbs attacks. (AC +1, EV +1)
One of your tentacles bears a large vicious spike.


Message History

* * * LOW HITPOINT WARNING * * *
The worker ant misses you. The ice beast hits you.
* * * LOW HITPOINT WARNING * * *
The ice beast freezes you.
* * * LOW HITPOINT WARNING * * *
The hound barely misses you.
You climb upwards.
There is a stone staircase leading down here.
Okay, then.
You feel much better. The worker ant barely misses you.
The hound closely misses you. The ice beast hits you.
The ice beast freezes you!
* * * LOW HITPOINT WARNING * * *
The worker ant barely misses you.
As you read the scroll labeled JAM YKEJ XOFIR, it crumbles to dust.
You feel blessed for a moment.
It was a scroll of remove curse.
The hound bites you.
* * * LOW HITPOINT WARNING * * *
The ice beast hits you.
You die...

...#(................#..##...#
#..#######...................#
#### ##.................##
####........####....#
##.###........###..≈###
##.)#..........≈≈#..≈..##
#........##.....≈≈..≈≈≈.###
###....#####......≈≈....≈≈.#
##.##.......@h.....#)#..≈≈...
#..........a.Y.....###≈≈≈....
#..#..#..#....÷.....≈≈≈#.....
#####..#..##.....≈....#.......
#................≈≈...........
#..###'####......≈...#........
#.#8...#..8#.......#.#........
##.#...#....#....#..#........#.
###..#....#...#...##..#........#.


You could see an ice beast, a hound and a worker ant.

Vanquished Creatures
  A scorpion (D:4)
  Crazy Yiuf (D:3)
  2 orc wizards
  Jessica (D:3)
  An iguana (D:4)
  3 worker ants (D:4)
  4 gnolls (D:4)
  6 adders
  2 worms (D:3)
  2 dart slugs
  A leopard gecko (D:2)
  7 orcs
  3 giant cockroaches
  5 hobgoblins
  7 jackals
  A ball python (D:1)
  8 bats
  8 frilled lizards
  6 goblins
  7 kobolds
  4 rats
80 creatures vanquished.

Notes
Turn   | Place    | Note
-------+----------+-------------------------------------------
     0 | D:1      | Hugehornet the Octopode Transmuter began the quest for the
                  | Orb.
     0 | D:1      | Reached XP level 1. HP: 13/13 MP: 3/3
    87 | D:1      | Found an iron altar of Okawaru.
   105 | D:1      | Reached XP level 2. HP: 7/18 MP: 5/5
   306 | D:1      | Learned a level 2 spell: Sticks to Snakes
   937 | D:2      | Reached skill level 3 in Transmutations
   997 | D:2      | Reached XP level 3. HP: 23/23 MP: 6/6
  1286 | D:2      | Found a sacrificial altar of Ru.
  1591 | D:3      | Noticed Jessica
  1607 | D:3      | Killed Jessica
  1817 | D:3      | Reached XP level 4. HP: 25/28 MP: 6/8
  1851 | D:3      | Learned a level 3 spell: Spider Form
  2106 | D:3      | Reached skill level 1 in Poison Magic
  2483 | D:3      | Reached XP level 5. HP: 29/33 MP: 6/9
  2489 | D:3      | Learned a level 4 spell: Ice Form
  2670 | D:3      | Found a runed translucent door.
  2671 | D:3      | Noticed Crazy Yiuf
  2907 | D:3      | Killed Crazy Yiuf
  3118 | D:4      | Reached skill level 4 in Transmutations
  3527 | D:4      | Reached XP level 6. HP: 31/38 MP: 8/10
  3874 | D:4      | Reached skill level 5 in Transmutations
  4141 | D:4      | Reached skill level 1 in Ice Magic
  4998 | D:5      | Entered Level 5 of the Dungeon
  5004 | D:5      | Noticed an ice beast
  5018 | D:4      | Slain by an ice beast

Illustrated notes

Levels and vault maps discovered:
D:1:      lightli_arrival_statuegarden, layout_basic, okawaru_ov_weapons_minmay
D:2:      layout_loops_ring, nicolae_ru_sacrificial_ziggurat
D:3:      minmay_wonky_spiral, layout_basic, first_ration,
          uniq_crazy_yiuf_cottage, uniq_jessica
D:4:      layout_cave_pools, minivault_1, chequers_serial_rivers_small_b
D:5:      cheibrodos_helix_gallery, layout_cave_pools, serial_shops, shop,
          basic_altar, serial_glass, glass_columns_c, glass_columns_c

Skill      XL: |  1  2  3  4  5  6 |
---------------+-------------------+-----
Transmutations | 3 4 5 |  5.5
Poison Magic   | 2 3 |  3.0
Spellcasting   | 3 |  3.4
Ice Magic      | 1 |  1.6
Fighting       | |  1.0
Dodging        | |  2.0
Unarmed Combat | |  3.0

Action                   |  1- 3 |  4- 6 || total
-------------------------+-------+-------++-------
Melee: Unarmed           |    62 |   142 ||   204
       Constrict         |    20 |    37 ||    57
       Tentacles         |    14 |    26 ||    40
       Kick              |     9 |    44 ||    53
       Punch             |     1 |     4 ||     5
 Cast: Beastly Appendage |    19 |    28 ||    47
 Abil: End Transformatio |       |     1 ||     1
  Use: Scroll            |       |     5 ||     5
       Potion            |       |     2 ||     2
 Stab: Sleeping          |     3 |     1 ||     4
  Eat: Chunk             |     3 |     7 ||    10
       Ration            |       |     1 ||     1
Armor: Skin              |     7 |     5 ||    12
Dodge: Dodged            |    38 |    97 ||   135
